 Dungeon Crawl Stone Soup version 0.26-a0-651-gb41185065b (webtiles) character file.

Game seed: 17173695610479898600

99815 Irenicus the Earth Mage (level 15, -4/123 HPs)
             Began as a Deep Dwarf Earth Elementalist on Oct 5, 2020.
             Was the Champion of Makhleb.
             Slain by a spark wasp (13 damage)
             ... on level 2 of the Spider Nest.
             The game lasted 02:14:41 (12470 turns).

Irenicus the Earth Mage (DDEE)                     Turns: 12470, Time: 02:14:42

Health: -4/123     AC:  9    Str: 11    XL:     15   Next: 78%
Magic:  25/41 (32) EV: 14    Int: 23    God:    Makhleb [******]
Gold:   613        SH:  5    Dex: 13    Spells: 24/40 levels left

rFire    + . .     SeeInvis .   w - +1 dagger (vamp)
rCold    + . .     Faith    .   (no shield)
rNeg     + . .     Spirit   .   g - +0 ring mail
rPois    +         Reflect  +   M - +2 hat {MR+}
rElec    .         Harm     .   H - scarf {rC+ rF+}
rCorr    .         Rampage  .   (no gloves)
MR       +++..                  v - +0 pair of boots
Stlth    ++++......             i - amulet of reflection
HPRegen  0.00/turn              o - ring of magical power {MP+9}
MPRegen  0.27/turn              P - ring of poison resistance {rPois, !d}

@: non-regenerating
A: damage resistance, heal wounds, negative energy resistance 1, sense
surroundings 2, no regeneration
a: Heal Wounds, Minor Destruction, Lesser Servant of Makhleb, Major Destruction,
Greater Servant of Makhleb, Renounce Religion


You were on level 2 of the Spider Nest.
You worshipped Makhleb.
Makhleb was exalted by your worship.
You visited 5 branches of the dungeon, and saw 24 of its levels.
You also visited: Volcano.

You collected 2446 gold pieces.
You spent 1833 gold pieces at shops.

Inventory:

Hand Weapons
 w - a +1 vampiric dagger (weapon)
   (You took it off an orc wizard on level 3 of the Dungeon)
 I - the +1 short sword "Hell-Harrower" {freeze, rF++ rN++ Str-4}
   (You found it on level 8 of the Dungeon)

   It has been specially enchanted to freeze those struck by it, causing extra
   injury to most foes and up to half again as much damage against particularly
   susceptible opponents.
   It can also slow down cold-blooded creatures.
   It affects your strength (-4).
   It greatly protects you from fire.
   It greatly protects you from negative energy.
Missiles
 c - 39 stones (quivered)
Armour
 b - the +2 helmet of the Imp {*Slow rElec Dex+3}
   (You bought it in a shop on level 2 of the Orcish Mines)

   It affects your dexterity (+3).
   It insulates you from electricity.
   It may slow you when you take damage.
 g - a +0 ring mail (worn)
   (You found it on level 1 of the Dungeon)
 v - a +0 pair of boots (worn)
   (You found it on level 4 of the Dungeon)
 H - a scarf of resistance (worn)
   (You found it on level 8 of the Dungeon)
 M - a +2 hat of magic resistance (worn)
   (You took it off Gastronok on level 10 of the Dungeon)
 R - the +2 shield of Resistance {rF++ rC++ MR++}
   (You bought it in a shop on level 4 of the Dungeon)

   It greatly protects you from fire.
   It greatly protects you from cold.
   It affects your resistance to hostile enchantments.
Magical Staves
 t - an uncursed staff of earth
   (You acquired it on level 4 of the Dungeon)
 A - an uncursed staff of poison {rPois}
   (You found it on level 8 of the Dungeon)
 D - an uncursed staff of cold {rC+}
   (You took it off Fannar on level 12 of the Dungeon)
 U - an uncursed staff of air {rElec}
   (You found it on level 6 of the Lair of Beasts)
Jewellery
 e - an uncursed ring of protection from cold {rC+, !d}
   (You found it on level 3 of the Dungeon)
 i - an amulet of reflection (around neck)
   (You found it on level 1 of the Dungeon)
 o - a ring of magical power (left hand) {MP+9}
   (You found it on level 11 of the Dungeon)
 K - an uncursed ring of protection from magic {MR+, !d}
   (You found it on level 8 of the Dungeon)
 L - an uncursed ring of magical power {MP+9}
   (You found it on level 9 of the Dungeon)
 P - a ring of poison resistance (right hand) {rPois, !d}
   (You found it on level 6 of the Lair of Beasts)
 S - a +6 ring of dexterity
   (You found it on level 3 of the Lair of Beasts)
Wands
 a - a wand of acid (3)
   (You found it on level 11 of the Dungeon)
 r - a wand of digging (7)
   (You took it off Grinder on level 4 of the Dungeon)
 y - a wand of paralysis (21)
   (You found it on level 10 of the Dungeon)
 C - a wand of iceblast (15)
   (You found it on level 6 of the Dungeon)
Scrolls
 d - 7 scrolls of enchant weapon
 f - 13 scrolls of teleportation
 h - 5 scrolls of blinking {!r}
 j - 2 scrolls of identify
 k - a scroll of magic mapping {!r}
 l - a scroll of immolation {!r}
 p - 14 scrolls of remove curse
 s - 3 scrolls of enchant armour
 x - 2 scrolls of fog
 V - a scroll of vulnerability {unknown}
Potions
 m - 3 potions of curing
 n - 3 potions of mutation {!q}
 q - 9 potions of haste
 u - 2 potions of cancellation
 z - 3 potions of heal wounds
 B - a potion of magic
 G - a potion of flight
 J - a potion of ambrosia
 N - 3 potions of might
 O - a potion of resistance
 T - 2 potions of lignification {!q}
Miscellaneous
 F - a tin of tremorstones (3/3)
   (You found it on level 5 of the Lair of Beasts)


   Skills:
 - Level 5.5 Fighting
 - Level 4.0 Short Blades
 - Level 5.1 Armour
 - Level 7.0 Dodging
 - Level 11.0 Stealth
 - Level 5.0 Shields
 - Level 13.0 Spellcasting
 - Level 2.0 Conjurations
 - Level 3.0 Translocations
 - Level 7.1 Transmutations
 + Level 17.4 Earth Magic
 - Level 11.0 Invocations
 - Level 3.0 Evocations


You had 24 spell levels left.
You knew the following spells:

 Your Spells              Type           Power        Failure   Level
a - Sandblast             Erth           ######       0%          1
c - Petrify               Tmut/Erth      ######..     1%          4
g - Apportation           Tloc           ####..       2%          1
w - Passwall              Tmut/Erth      ######..     1%          2
x - Stone Arrow           Conj/Erth      ######       1%          3
z - Lee's Rapid Deconstr  Erth           #######...   1%          5

Your spell library contained the following spells:

 Spells                   Type           Power        Failure   Level
 Magic Dart               Conj           ###.         3%          1
 Searing Ray              Conj           ###...       6%          2
 Lesser Beckoning         Tloc           ####......   8%          3
 Corona                   Hex            ##.....      9%          1
 Corpse Rot               Necr/Air       N/A          14%         2
 Ensorcelled Hibernation  Hex/Ice        ##....       14%         2
 Poisonous Vapours        Pois/Air       ##....       14%         2
 Conjure Flame            Conj/Fire      ###.....     19%         3
 Dazzling Flash           Conj/Hex       ###...       19%         3
 Mephitic Cloud           Conj/Pois/Air  ###.....     21%         3
 Confusing Touch          Hex            ##......     26%         3
 Tukima's Dance           Hex            ##......     26%         3
 Iskenderun's Mystic Bla  Conj/Tloc      ####....     32%         4
 Fulminant Prism          Conj/Hex       ###.......   52%         4
 Alistair's Intoxication  Tmut/Pois      ####.....    52%         5
 Animate Dead             Necr           ##........   65%         4
 Agony                    Necr           ##......     94%         5
 Freezing Cloud           Conj/Ice/Air   ###.......   100%        6
 Invisibility             Hex            ##......     100%        6


Dungeon Overview and Level Annotations

Branches:
Dungeon (13/15)            Temple (1/1) D:4            Lair (6/6) D:8
 Shoals (0/4) Lair:2       Spider (2/4) Lair:4        Slime (0/5) Lair:6
    Orc (2/2) D:11            Elf (0/3) Orc:2       Volcano (visited)
 Vaults: D:13-14

Altars:
Ashenzari
Cheibriados
Dithmenos
Elyvilon
Fedhas
Gozag
Hepliaklqana
Kikubaaqudgha
Makhleb
Nemelex Xobeh
Okawaru
Qazlal
Ru
Sif Muna
Trog
Uskayaw
Vehumet
Wu Jian
Xom
Yredelemnul
Zin
The Shining One
Jiyva

Shops:
D:4 [*!(   D:12 *   Orc:2 ([[(!

Annotations:
D:6 2 transporters, imnewhereh's ghost, novice GnCK
D:13 Azrael


Innate Abilities, Weirdness & Mutations

You are resistant to damage.
You can heal yourself by infusing magical energy.
You resist negative energy. (rN+)
You passively map the area around you.
You do not regenerate.


Message History

c - 41 stones You now have 8/41 mp.
You see here a worker ant corpse.
You now have 585 gold pieces (gained 14).
Found a robe.
Found a stone staircase leading down.
You now have 613 gold pieces (gained 28).
j - 2 scrolls of identify (gained 1)
There is a stone staircase leading down here.
You climb downwards. 2 jumping spiders, an orb spider and a redback come into view.
There is a stone staircase leading up here.
The helpless jumping spider fails to defend itself.
You perforate the jumping spider like a sieve!!!
You kill the jumping spider!
Makhleb accepts your kill.
You feel better.
Health restored: 123 An orb spider comes into view.
The orb spider hisses angrily. x2; The jumping spider hisses angrily.
The orb spider begins to weave its threads into a brightly glowing ball.
The redback barely misses you.
You hear an angry hiss.
The jumping spider leaps!
The orb spider weaves a glowing orb of energy.
An orb of destruction comes into view.
There is a stone staircase leading up here.
An emperor scorpion comes into view.
The redback bites you but does no damage.
The jumping spider barely misses you. x2; You block the redback's attack.
The orb of destruction hits the jumping spider!!
The jumping spider closely misses you.
The jumping spider bites you but does no damage.
The redback closely misses you.
The jumping spider completely misses you.
The jumping spider bites you but does no damage.
You hear an angry hiss.
Casting: Sandblast (safe; 0% risk of failure)
Confirm with . or Enter, or press ? or * to list all spells.
Press: ? - help, Shift-Dir - straight line, f - jumping spider
Aim: a jumping spider (severely wounded)
The blast of sand misses the jumping spider.
c - 40 stones The redback closely misses you.
The jumping spider pounces on you!
The jumping spider bites you but does no damage.
The redback barely misses you.
You take 5 damage, and have 118/123 hp.
You now have 18/41 mp.
Casting: Sandblast (safe; 0% risk of failure)
Confirm with . or Enter, or press ? or * to list all spells.
Aiming: Sandblast (safe; 0% risk of failure)
Press: ? - help, Shift-Dir - straight line, f/p - jumping spider
Aim: a jumping spider (severely wounded)
The blast of sand hits the jumping spider!!
You kill the jumping spider!
Makhleb accepts your kill.
You feel better.
c - 39 stones The redback closely misses you.
Health restored: 123 You now have 17/41 mp.
The redback misses you.
The orb spider pulsates with a strange energy.
The redback bites you.
You take 3 damage, and have 120/123 hp.
The orb spider weaves a glowing orb of energy.
An orb of destruction comes into view.
There is a stone staircase leading up here.
The redback misses you.
The wavering orb of destruction hits the redback!!
The redback is blown up!
You climb upwards.
There is a stone staircase leading down here.
Unknown command.
There is a stone staircase leading down here.
You climb downwards.
A wolf spider comes into view.
There is a stone staircase leading up here.
A spark wasp comes into view.
You see here a club.
The helpless spark wasp fails to defend itself.
You skewer the spark wasp like a kebab!!!
You feel better.
The spark wasp is heavily wounded.
The spark wasp stings you!! The spark wasp shocks you!
The spark wasp stings you!! The spark wasp shocks you!
You take 80 damage, and have 40/123 hp.
MASSIVE DAMAGE!!
Okay, then.
Casting: Sandblast (safe; 0% risk of failure)
Confirm with . or Enter, or press ? or * to list all spells.
Aiming: Petrify (mildly dangerous; 1% risk of failure)
Press: ? - help, Shift-Dir - straight line, f - spark wasp
Aim: a spark wasp (heavily wounded, chance to defeat MR: 62%)
The spark wasp is moving more slowly.
The spark wasp stings you. The spark wasp shocks you!
* * * LOW HITPOINT WARNING * * *
You take 13 damage, and have 27/123 hp.
You now have 24/41 mp.
The spark wasp evades a web.
The spark wasp misses you. The spark wasp stings you!!
* * * LOW HITPOINT WARNING * * *
The spark wasp shocks you!
You die...

*## .#≈...#
,* ,
#.##.#..# ,
≈ #.......#
, * ,
#..<..## ,
#......#
,,,, ,
##.##.## **
,, #..### ,
##...#, **
≈ ,
###.@#..# *
* * , *
*##.#y.#..#
, **
#.)...#≈##
, *
#..#.##.#≈
**,, **
#...### .##
*,, ≈ #..#≈
.# * , ,
*** * * ##.
## , , * ,
.#≈* , * *
** .#* , *
≈


You could see a spark wasp (petrifying).

Vanquished Creatures
  Gastronok (D:10)
  A stone giant (Volcano)
  2 entropy weavers (Spider:1)
  Fannar (D:12)
  A merfolk avatar (Lair:6)
  4 hydras
  5 two-headed ogres
  A queen ant (Spider:1)
  5 death yaks (Lair:5)
  Urug (Orc:2)
  4 orc high priests (Orc:2)
  A sea snake (Lair:6)
  5 orb spiders (Spider:1)
  3 orc knights (Orc:2)
  5 oklob plants
  A wolf spider (Spider:1)
  An ugly thing (D:11)
  A deep elf mage (D:12)
  A manticore (D:6)
  4 orc sorcerers (Orc:2)
  2 cyclopes
  2 elephants (Lair:6)
  A black mamba (Lair:4)
  Psyche (D:11)
  11 cane toads
  2 gargoyles (Volcano)
  A centaur skeleton (D:11)
  5 molten gargoyles
  2 torpor snails (Lair:6)
  2 rime drakes (Lair:6)
  A kobold demonologist (D:11)
  An efreet (Volcano)
  8 komodo dragons
  2 trolls
  9 jumping spiders
  3 wind drakes (Lair:6)
  5 polar bears
  12 blink frogs
  4 hornets
  8 hippogriffs
  Grinder (D:4)
  3 dream sheep (Lair:6)
  5 redbacks (Spider:1)
  4 tarantellas (Spider:1)
  2 fire elementals
  61 yaks
  A shadow (D:12)
  2 wraiths
  4 basilisks
  4 wyverns
  A fire bat (Volcano)
  5 wargs
  7 soldier ants (Spider:1)
  11 water moccasins
  11 porcupines
  3 sky beasts
  24 orc warriors
  A hornet zombie (D:10)
  3 ice beasts
  2 phantoms
  2 necrophages (D:8)
  9 wolves
  16 ogres
  3 centaurs
  17 crocodiles
  7 big kobolds
  4 gnoll sergeants (D:11)
  12 bullfrogs
  2 earth elementals (Volcano)
  A wyvern skeleton (D:11)
  8 scorpions
  14 killer bees
  An electric eel (Lair:2)
  5 howler monkeys
  4 lava snakes
  6 centaur zombies
  A bullfrog zombie (D:6)
  A quasit (D:10)
  4 hounds
  15 orc priests
  2 jellies
  3 bullfrog skeletons
  30 orc wizards
  Natasha (twice) (D:2)
  26 worker ants
  Terence (D:2)
  2 hound skeletons
  19 adders
  2 white imps (D:8)
  2 ufetubi
  2 adder skeletons
  2 worms
  A dart slug (D:1)
  5 leopard geckos
  90 orcs
  A bat (D:1)
  7 giant cockroaches
  13 goblins
  5 hobgoblins
  25 jackals
  3 quokkas
  3 frilled lizards
  28 kobolds
  2 leopard gecko skeletons
  5 rats
698 creatures vanquished.

Vanquished Creatures (collateral kills)
  A catoblepas (Lair:6)
  A two-headed ogre (Orc:2)
  An orc knight (Orc:2)
  A komodo dragon (Lair:2)
  A polar bear (Lair:4)
  A troll (Orc:2)
  2 blink frogs (Lair:5)
  2 hippogriffs (Lair:5)
  4 dream sheep (Lair:6)
  A tarantella (Spider:1)
  2 redbacks (Spider:1)
  9 yaks
  2 soldier ants (Spider:1)
  A water moccasin (Lair:6)
  2 porcupines
  2 orc warriors (Orc:2)
  An ogre (Orc:2)
  7 wolves
  A crocodile (Lair:5)
  2 bullfrogs
  2 orc priests (Orc:2)
  A worker ant (Spider:1)
  3 orcs (Orc:2)
50 creatures vanquished.

Vanquished Creatures (others)
  2 redbacks
  27 fungi
  74 plants
103 creatures vanquished.

Grand Total: 851 creatures vanquished

Notes
Turn   | Place    | Note
-------+----------+-------------------------------------------
     0 | D:1      | Irenicus the Deep Dwarf Earth Elementalist began the quest
                  | for the Orb.
     0 | D:1      | Reached XP level 1. HP: 15/15 MP: 3/3
    35 | D:1      | Reached skill level 2 in Spellcasting
   195 | D:1      | Reached XP level 2. HP: 22/22 MP: 3/5
   258 | D:1      | Reached skill level 5 in Earth Magic
   344 | D:1      | Learned a level 2 spell: Passwall
   464 | D:1      | Reached XP level 3. HP: 22/28 MP: 4/6
   724 | D:2      | Noticed Terence
   737 | D:2      | Killed Terence
   737 | D:2      | Reached skill level 6 in Earth Magic
   737 | D:2      | Reached XP level 4. HP: 25/36 MP: 1/7
   992 | D:2      | Noticed Natasha
   998 | D:2      | Killed Natasha
  1032 | D:2      | Reached skill level 7 in Earth Magic
  1122 | D:2      | Noticed Natasha
  1123 | D:2      | Killed Natasha
  1123 | D:2      | Reached XP level 5. HP: 26/42 MP: 4/8
  1174 | D:3      | Reached skill level 8 in Earth Magic
  1204 | D:3      | HP: 9/42 [something/magic dart (4)]
  1215 | D:3      | Reached XP level 6. HP: 10/49 MP: 1/9
  1265 | D:3      | Reached skill level 9 in Earth Magic
  1318 | D:3      | HP: 8/49 [orc/+0 short sword (2)]
  1390 | D:3      | Found a blossoming altar of Fedhas.
  1440 | D:4      | Found Sirereg's Assorted Antiques.
  1444 | D:4      | Bought a scroll labeled FOCHAI QUFFADU for 25 gold pieces
  1444 | D:4      | Bought a scroll labeled VOOBECK MUIL for 25 gold pieces
  1444 | D:4      | Acquired an uncursed staff of earth
  1516 | D:4      | Found Lemethra's Armour Shop.
  1516 | D:4      | Noticed Grinder
  1522 | D:4      | Killed Grinder
  1522 | D:4      | Reached skill level 3 in Spellcasting
  1564 | D:4      | Reached XP level 7. HP: 23/55 MP: 8/12
  1648 | D:4      | Found Ikluos's Distillery.
  1669 | D:4      | Found Etselack's Antique Weapon Boutique.
  1784 | D:4      | Found a staircase to the Ecumenical Temple.
  1807 | Temple   | Entered the Ecumenical Temple
  1838 | Temple   | Became a worshipper of Makhleb the Destroyer
  1888 | D:4      | Found a glowing golden altar of the Shining One.
  1999 | D:4      | Reached skill level 4 in Spellcasting
  2017 | D:4      | Learned a level 3 spell: Stone Arrow
  2166 | D:3      | Found a faded altar of an unknown god.
  2330 | D:4      | HP: 9/55 [phantom (6)]
  2332 | D:4      | Reached skill level 5 in Spellcasting
  2403 | D:4      | Bought a large jade ring for 125 gold pieces
  2420 | D:5      | Entered Level 5 of the Dungeon
  2454 | D:5      | Reached * piety under Makhleb
  2685 | D:5      | HP: 11/55 [adder (1)]
  2932 | D:5      | Reached skill level 6 in Spellcasting
  2932 | D:5      | Reached XP level 8. HP: 18/62 MP: 14/17
  2996 | D:6      | Found a transporter.
  2996 | D:6      | Noticed imnewhereh's ghost (novice GnCK)
  3007 | D:6      | Found an ornate altar of the Wu Jian Council.
  3070 | D:6      | Reached skill level 1 in Conjurations
  3116 | D:6      | Found a hide-covered altar of Uskayaw.
  3147 | D:6      | Reached skill level 7 in Spellcasting
  3176 | D:6      | Reached skill level 2 in Conjurations
  3197 | D:6      | Reached ** piety under Makhleb
  3211 | D:6      | Found a shadowy altar of Dithmenos.
  3213 | D:6      | Found a hazy altar of Hepliaklqana.
  3267 | D:6      | Reached skill level 8 in Spellcasting
  3291 | D:6      | Gained mutation: You passively map the area around you.
                  | [Deep Dwarf growth]
  3291 | D:6      | Reached XP level 9. HP: 31/68 MP: 0/21
  3359 | D:6      | Found a transporter.
  3495 | D:7      | Got a crystal hunting sling
  3497 | D:7      | Identified the cursed +2 hunting sling "Hoowkur" {venom,
                  | rC+ Dex+4} (You found it on level 7 of the Dungeon)
  3614 | D:7      | Reached skill level 9 in Spellcasting
  3653 | D:7      | Found a blossoming altar of Fedhas.
  3883 | D:8      | Reached *** piety under Makhleb
  3896 | D:8      | Reached skill level 1 in Evocations
  3916 | D:8      | Reached skill level 2 in Evocations
  3937 | D:8      | Reached skill level 3 in Evocations
  3967 | D:8      | Reached skill level 10 in Spellcasting
  4129 | D:8      | Noticed an angel
  4130 | D:8      | Found a glowing silver altar of Zin.
  4212 | D:8      | Found a staircase to the Lair.
  4225 | D:8      | Reached XP level 10. HP: 75/75 MP: 18/24
  4241 | D:8      | Got a steaming short sword
  4242 | D:8      | Identified the +1 short sword "Hell-Harrower" {freeze, rF++
                  | rN++ Str-4} (You found it on level 8 of the Dungeon)
  4327 | D:9      | Learned a level 5 spell: Lee's Rapid Deconstruction
  4481 | D:9      | Found a broken altar of Ashenzari.
  4488 | D:9      | Reached skill level 11 in Spellcasting
  4527 | D:9      | Noticed a molten gargoyle
  4529 | D:9      | Noticed a molten gargoyle
  4529 | D:9      | Noticed a molten gargoyle
  4534 | D:9      | Killed a molten gargoyle
  4536 | D:9      | Killed a molten gargoyle
  4540 | D:9      | Killed a molten gargoyle
  4557 | D:9      | Noticed a molten gargoyle
  4585 | D:9      | Killed a molten gargoyle
  4687 | D:9      | Found a sacrificial altar of Ru.
  4693 | D:9      | Found a shimmering altar of Xom.
  4693 | D:9      | Found a bloodstained altar of Trog.
  4739 | D:9      | Found a radiant altar of Vehumet.
  4740 | D:9      | Found a shimmering blue altar of Sif Muna.
  4811 | D:10     | Entered Level 10 of the Dungeon
  4834 | D:10     | Noticed Gastronok
  4834 | D:10     | Noticed a two-headed ogre
  4844 | D:10     | Killed a two-headed ogre
  4844 | D:10     | Reached skill level 12 in Spellcasting
  4844 | D:10     | Reached skill level 10 in Earth Magic
  4849 | D:10     | Killed Gastronok
  4849 | D:10     | Reached skill level 11 in Earth Magic
  4849 | D:10     | Reached XP level 11. HP: 48/81 MP: 10/27
  4851 | D:10     | Reached **** piety under Makhleb
  5152 | D:10     | Noticed a two-headed ogre
  5162 | D:10     | Killed a two-headed ogre
  5251 | D:10     | Reached skill level 12 in Earth Magic
  5534 | D:11     | Reached skill level 13 in Spellcasting
  5540 | D:11     | Reached ***** piety under Makhleb
  5582 | D:11     | Got a distressingly furry chain mail
  5583 | D:11     | Identified the cursed +0 chain mail "Efujul" {MR- Str+7}
                  | (You found it on level 11 of the Dungeon)
  5608 | D:11     | Reached skill level 3 in Stealth
  5629 | D:11     | Reached skill level 13 in Earth Magic
  5668 | D:11     | Reached skill level 4 in Stealth
  5720 | D:11     | Found a staircase to the Orcish Mines.
  5731 | D:11     | Reached skill level 5 in Stealth
  5747 | D:11     | Noticed a brown ugly thing
  5754 | D:11     | Killed a brown ugly thing
  5754 | D:11     | Reached skill level 6 in Stealth
  5754 | D:11     | Reached XP level 12. HP: 88/88 MP: 0/29
  5831 | D:11     | Reached skill level 14 in Earth Magic
  5888 | D:11     | Noticed a two-headed ogre
  5894 | D:11     | Killed a two-headed ogre
  5894 | D:11     | Reached skill level 7 in Stealth
  5935 | D:11     | Learned a level 4 spell: Petrify
  5956 | D:11     | Noticed Psyche
  5962 | D:11     | Killed Psyche
  6173 | D:12     | Reached skill level 15 in Earth Magic
  6188 | D:12     | Reached skill level 1 in Armour
  6197 | D:12     | Reached skill level 1 in Fighting
  6332 | D:12     | Reached skill level 2 in Armour
  6373 | D:12     | Reached skill level 2 in Fighting
  6432 | D:12     | Reached skill level 3 in Armour
  6483 | D:12     | Found a white marble altar of Elyvilon.
  6493 | D:12     | Reached ****** piety under Makhleb
  6500 | D:12     | Reached skill level 3 in Fighting
  6526 | D:12     | Noticed Fannar
  6534 | D:12     | Noticed a two-headed ogre
  6543 | D:12     | Killed Fannar
  6543 | D:12     | Reached skill level 4 in Armour
  6543 | D:12     | Reached skill level 3 in Dodging
  6544 | D:12     | Killed a two-headed ogre
  6548 | D:12     | Noticed a two-headed ogre
  6566 | D:12     | Killed a two-headed ogre
  6566 | D:12     | Reached skill level 5 in Armour
  6566 | D:12     | Reached skill level 4 in Dodging
  6637 | D:12     | Found Gyhiroext's General Store.
  6736 | D:13     | Noticed a centaur warrior
  6736 | D:13     | Noticed a two-headed ogre
  6738 | D:13     | Noticed Azrael
  6744 | D:12     | Reached skill level 5 in Dodging
  6747 | D:12     | Learned a level 1 spell: Apportation
  6821 | Orc:1    | Entered Level 1 of the Orcish Mines
  6841 | Orc:1    | Reached skill level 1 in Transmutations
  6942 | Orc:1    | You fall into a shaft and drop 1 floor!
  6942 | Orc:2    | Entered Level 2 of the Orcish Mines
  6956 | Orc:2    | Reached skill level 1 in Translocations
  7070 | Orc:1    | Reached skill level 2 in Translocations
  7070 | Orc:1    | Reached skill level 2 in Transmutations
  7137 | Orc:2    | Noticed an orc high priest
  7181 | Orc:2    | Noticed a two-headed ogre
  7258 | Orc:2    | Reached skill level 3 in Translocations
  7331 | Orc:2    | Killed an orc high priest
  7331 | Orc:2    | Reached skill level 3 in Transmutations
  7331 | Orc:2    | Reached XP level 13. HP: 95/103 MP: 19/30
  7414 | Orc:2    | Found a bloodstained altar of Trog.
  7419 | Orc:2    | Reached skill level 1 in Invocations
  7438 | Orc:2    | Reached skill level 4 in Transmutations
  7447 | Orc:2    | Found a staircase to the Elven Halls.
  7469 | Orc:2    | Found Koluex's Distillery.
  7477 | Orc:2    | Bought a potion of experience for 700 gold pieces
  7477 | Orc:2    | Reached skill level 9 in Invocations
  7477 | Orc:2    | Gained mutation: You resist negative energy. (rN+) [Deep
                  | Dwarf growth]
  7477 | Orc:2    | Reached XP level 14. HP: 111/111 MP: 21/31
  7507 | Orc:2    | Reached skill level 5 in Transmutations
  7518 | Orc:2    | Reached skill level 6 in Transmutations
  7540 | Orc:2    | Noticed Urug
  7678 | Orc:2    | Reached skill level 7 in Transmutations
  7686 | Orc:2    | Killed Urug
  7709 | Orc:2    | Found Taosh's Weapon Emporium.
  7709 | Orc:2    | Found Sofec's Antique Weapon Emporium.
  7710 | Orc:2    | Found Riciq's Antique Armour Boutique.
  7716 | Orc:2    | Found Ritinguv's Antique Armour Boutique.
  7729 | Orc:2    | Bought a steaming helmet for 180 gold pieces
  7739 | Orc:2    | Identified the +2 helmet of the Imp {*Slow rElec Dex+3}
                  | (You bought it in a shop on level 2 of the Orcish Mines)
  7741 | Orc:2    | Irenicus: ?? *slow
  7741 | Orc:2    | beem: *slow[1/2]: Randart property that has 1% chance to
                  | {slow}you for 10-14 turns whenever you take damage while
                  | worn. Ignores damage over time from poison. Replacement for
                  | *Confuse.
  7923 | Lair:1   | Entered Level 1 of the Lair of Beasts
  8046 | Lair:1   | Found a dark tunnel.
  8051 | Volcano  | Entered a volcano
  8060 | Volcano  | Reached skill level 10 in Invocations
  8280 | Volcano  | Found a burning altar of Makhleb.
  8284 | Volcano  | Noticed a stone giant
  8293 | Volcano  | Killed a stone giant
  8454 | Lair:1   | Reached skill level 8 in Stealth
  8544 | Lair:2   | Found a staircase to the Shoals.
  8554 | Lair:2   | Got a twisted hand crossbow
  8555 | Lair:2   | Identified the +5 hand crossbow of Somewhere Else {vorpal,
                  | rN+} (You found it on level 2 of the Lair of Beasts)
  8689 | Lair:2   | Reached skill level 11 in Invocations
  8886 | Lair:3   | Found a burning altar of Makhleb.
  8943 | Lair:3   | Reached skill level 6 in Dodging
  9086 | Lair:3   | HP: 21/111 [acid (9)]
  9218 | Lair:4   | Reached skill level 7 in Dodging
  9261 | Lair:4   | Found a hole to the Spider Nest.
  9280 | Lair:4   | Identified the cursed +0 leather armour "Upiet" {Regen+
                  | Int+4} (You found it on level 4 of the Lair of Beasts)
  9462 | Lair:4   | Irenicus: ?? shield of resi
  9462 | Lair:4   | beem: I don't have a page labeled shield_of_resi in my
                  | learndb.
  9462 | Lair:4   | Irenicus: ?? shield of resistance
  9462 | Lair:4   | beem: shield of resistance[1/1]: Either the unrandart +5
                  | (+2 in 0.15) shield that gives rF+, rC+ and MR+, or an
                  | ordinary shield (or buckler or large shield) with the
                  | resistance (rF+ rC+) brand.
  9534 | Lair:4   | Reached skill level 16 in Earth Magic
  9672 | Lair:4   | HP: 25/111 [acid (5)]
  9717 | Lair:4   | HP: 22/111 [yak (13)]
  9829 | D:6      | HP: 21/111 [manticore/volley of spikes (9)]
  9942 | D:4      | Bought the +2 shield of Resistance {rF++ rC++ MR++} for 778
                  | gold pieces
  9942 | D:4      | Found the +2 shield of Resistance {rF++ rC++ MR++}
 10161 | Lair:1   | Reached skill level 1 in Shields
 10220 | Lair:1   | Got a warped chain mail
 10340 | Lair:4   | Reached skill level 2 in Shields
 10398 | Lair:4   | Reached skill level 4 in Fighting
 10430 | Lair:5   | Reached XP level 15. HP: 67/120 MP: 29/32
 10480 | Lair:5   | Reached skill level 3 in Shields
 10711 | Lair:5   | Found an opulent altar of Gozag.
 10808 | Lair:5   | Reached skill level 4 in Shields
 10809 | Lair:5   | Reached skill level 5 in Fighting
 10827 | Lair:5   | Reached skill level 5 in Shields
 10840 | Lair:6   | Entered Level 6 of the Lair of Beasts
 10893 | Lair:6   | Found a viscous altar of Jiyva.
 10893 | Lair:6   | Found a staircase to the Slime Pits.
 10927 | Lair:6   | HP: 17/123 [water moccasin (18)]
 11133 | Lair:6   | Reached skill level 17 in Earth Magic
 11195 | Lair:5   | HP: 30/123 [seven-headed hydra (8)]
 11195 | Lair:5   | HP: 13/123 [seven-headed hydra (4)]
 11205 | Lair:5   | HP: 25/123 [seven-headed hydra (2)]
 11220 | Lair:5   | HP: 25/123 [seven-headed hydra (7)]
 11234 | Lair:6   | HP: 21/123 [komodo dragon (21)]
 11353 | Lair:6   | HP: 29/123 [death yak[a torpor snail] (17)]
 11361 | Lair:6   | HP: 27/123 [cane toad (2)]
 11378 | Lair:5   | HP: 22/123 [cane toad (5)]
 11425 | Lair:6   | Reached skill level 1 in Short Blades
 11482 | Lair:6   | Reached skill level 2 in Short Blades
 11628 | Lair:6   | Reached skill level 3 in Short Blades
 11633 | Lair:6   | HP: 28/123 [torpor snail (7)]
 11638 | Lair:6   | HP: 29/123 [poisoned by a cane toad]
 11643 | Lair:6   | HP: 26/123 [poisoned by a cane toad]
 11666 | Lair:6   | HP: 24/123 [rime drake/flash freeze (13)]
 11740 | Lair:6   | Reached skill level 4 in Short Blades
 11823 | Lair:4   | Identified the +3 chain mail of Least Resistance {-Cast rC+
                  | rCorr Slay+3} (You found it on level 1 of the Lair of
                  | Beasts)
 11853 | Spider:1 | Entered Level 1 of the Spider Nest
 11859 | Spider:1 | Identified the Grimoire of Ghastly Contamination
 11932 | Spider:1 | Reached skill level 9 in Stealth
 11993 | Spider:1 | HP: 29/123 [wolf spider (9)]
 11997 | Spider:1 | HP: 10/123 [tarantella (9)]
 12003 | Spider:1 | Reached skill level 10 in Stealth
 12131 | Spider:1 | HP: 30/123 [queen ant (8)]
 12146 | Spider:1 | HP: 27/123 [jumping spider (3)]
 12155 | Spider:1 | HP: 21/123 [jumping spider (14)]
 12202 | Spider:1 | HP: 29/123 [redback (4)]
 12269 | Spider:1 | Reached skill level 11 in Stealth
 12466 | Spider:2 | HP: 27/123 [spark wasp (11)]
 12470 | Spider:2 | HP: 9/123 [spark wasp (18)]
 12470 | Spider:2 | Slain by a spark wasp

Illustrated notes

Levels and vault maps discovered:
D:1:      lightli_arrival_lavapool, layout_basic
D:2:      layout_loops_ring, serial_aquarium, aquarium_bridge_island_small
          [aquarium_subvault_small_water, aquarium_subvault_window,
          aquarium_subvault_balcony, aquarium_subvault_bridge,
          aquarium_subvault_bridge], aquarium_window_fake, aquarium_window_fake,
          aquarium_window_1, aquarium_view_2a, aquarium_balcony_1b,
          uniq_natasha, uniq_terence
D:3:      layout_basic, chequers_ecumenical_altar_simple_redux, fedhas_altar_4
D:4:      layout_basic, kennysheep_mini, minmay_temple_entry_statues,
          serial_shops, nicolae_shop_trees, shop_statue, nicolae_shop_crystal,
          nicolae_shop_behind_doors, uniq_grinder
D:5:      layout_basic
D:6:      layout_cave_pools, riverfiend_overflow_shadow_ancestor,
          lemuel_round_altar, lemuel_doored_altar, gammafunk_ghost_mausoleum
D:7:      layout_loops_ring, basic_altar, minmay_door_square
D:8:      layout_basic, zin_angel, minmay_lair_entry_grove, minivault_5
D:9:      layout_roguey, lemuel_crystal_altar, grunt_temple_overflow_open,
          minitemple, minivault_8
D:10:     layout_roguey, st_stairs_5, uniq_gastronok
D:11:     layout_irregular_city, kennysheep_orc_monster_closet_entryway,
          uniq_psyche
D:12:     layout_small_grid, basic_altar, serial_shops, shop, uniq_fannar
D:13:     layout_rooms, david_vaults_1, uniq_azrael
Temple:   compressed_dpeg_circular_temple
Lair:1:   layout_cave_pods, enter_volcano_4, beast_lair_carwin_7
Lair:2:   layout_cave_shapes, elwin_shoals_entry_rocks, serial_bayou,
          serial_bayou_pond_c, serial_bayou_crossing, serial_bayou_lake_a,
          serial_bayou_pond_a, serial_bayou_shore_a, grunt_megastairs_3
Lair:3:   layout_gridlike, basic_altar
Lair:4:   layout_misc_corridors, spider_nest_entry_rubble,
          minmay_lair_oklob_chamber, infiniplex_staircase_pool
Lair:5:   layout_hall_layers, basic_altar
Lair:6:   gammafunk_lair_ancient_temple, layout_misc_corridors,
          dpeg_slime_entry_enclosed_altar, chequers_serial_rivers_micro_b,
          infiniplex_staircase_pool_2, lemuel_fruit_tree
Spider:1: layout_spider_delve, drop_trap, minmay_another_anthill
Spider:2: layout_spider_delve, uniq_louise
Orc:1:    layout_diamond_mine, nooodl_orcs_dogs
Orc:2:    st_orc_elflike, layout_caves, serial_shops, nicolae_shop_stone,
          bloody_trog, uniq_urug

Skill      XL: |  1  2  3  4  5  6  7  8  9 10 11 12 13 14 15 |
---------------+----------------------------------------------+-----
Spellcasting   | 2 3 6 8 10 12 13 | 13.0
Earth Magic    | 5 6 7 8 9 11 13 15 16 17 | 17.4
Conjurations   | 2 |  2.0
Evocations     | 3 |  3.0
Stealth        | 6 7 8 11 | 11.0
Armour         | 5 |  5.1
Fighting       | 3 4 5 |  5.5
Dodging        | 5 7 |  7.0
Transmutations | 3 4 7 |  7.1
Translocations | 3 |  3.0
Invocations    | 9 11 | 11.0
Shields        | 2 5 |  5.0
Short Blades   | 4 |  4.0

Action                   |  1- 3 |  4- 6 |  7- 9 | 10-12 | 13-15 || total
-------------------------+-------+-------+-------+-------+-------++-------
Melee: Unarmed           |     5 |       |       |       |       ||     5
       Club              |     9 |       |       |       |       ||     9
       Dagger            |    28 |    92 |     9 |    12 |   158 ||   299
       Staff             |       |       |    70 |   120 |   106 ||   296
       Short sword       |       |       |       |       |    10 ||    10
 Cast: Sandblast         |    34 |    36 |   160 |   280 |   226 ||   736
       Passwall          |     4 |    10 |    58 |    33 |    20 ||   125
       Stone Arrow       |       |       |    24 |    71 |   169 ||   264
       Lee's Rapid Decon |       |       |       |    32 |    59 ||    91
       Apportation       |       |       |       |    15 |    64 ||    79
       Petrify           |       |       |       |     5 |    72 ||    77
Invok: Lesser Servant of |       |       |       |     1 |    13 ||    14
       Major Destruction |       |       |       |       |    17 ||    17
       Minor Destruction |       |       |       |       |    12 ||    12
 Abil: Heal Wounds       |     1 |       |       |       |       ||     1
Evoke: Wand              |       |       |     1 |    17 |    20 ||    38
  Use: Scroll            |       |     3 |     7 |    11 |    16 ||    37
       Potion            |       |     4 |     1 |       |     9 ||    14
 Stab: Sleeping          |       |       |     4 |       |     7 ||    11
       Paralysed         |       |       |       |     5 |     1 ||     6
       Petrified         |       |       |       |    12 |   143 ||   155
       Distracted        |       |       |       |       |     3 ||     3
       Petrifying        |       |       |       |       |     1 ||     1
Armor: Ring mail         |    18 |    41 |    44 |    83 |   130 ||   316
Dodge: Dodged            |    40 |    65 |    73 |   174 |   371 ||   723
Block: Other             |    11 |    29 |    42 |    59 |   102 ||   243
       Reflection        |     3 |     3 |     4 |     4 |     1 ||    15

Table legend: (Time is in decaauts)
 A = Elapsed time spent in this place.
 B = Non-inter-level travel time spent in this place.
 C = Inter-level travel time spent in this place.
 D = Time resting spent in this place.
 E = Time spent auto-exploring this place.
 F = Levels seen in this place.
 G = Mean time per level.
                   A        B        C        D        E       F      G
               +--------+--------+--------+--------+--------+-----+--------+
         Total |  12545 |  12530 |     15 |      7 |     14 |  25 |  501.8 |
       Dungeon |   7111 |   7111 |      0 |      0 |      0 |  13 |  547.0 |
        Temple |     62 |     62 |      0 |      0 |      0 |   1 |   62.0 |
          Lair |   3376 |   3376 |      0 |      0 |     14 |   6 |  562.7 |
   Spider Nest |    615 |    615 |      0 |      7 |      0 |   2 |  307.5 |
  Orcish Mines |   1029 |   1014 |     15 |      0 |      0 |   2 |  514.5 |
       Volcano |    350 |    350 |      0 |      0 |      0 |   1 |  350.0 |
               +--------+--------+--------+--------+--------+-----+--------+

Top non-repeatable levels by time:
     D:4: 829 daAuts
    D:11: 813 daAuts
  Lair:6: 786 daAuts
    D:12: 692 daAuts
  Lair:5: 682 daAuts
  Lair:4: 644 daAuts
   Orc:2: 626 daAuts
     D:1: 607 daAuts
     D:5: 594 daAuts
Spider:1: 586 daAuts
    D:10: 564 daAuts
     D:2: 557 daAuts
     D:9: 521 daAuts
     D:8: 520 daAuts
     D:6: 504 daAuts

Table legend:
 A = Kills in this place as a percentage of kills in entire the game.
 B = Kills by you in this place as a percentage of kills by you in the entire game.
 C = Kills by friends in this place as a percentage of kills by friends in the entire game.
 D = Other kills in this place as a percentage of other kills in the entire game.
 E = Experience gained in this place as a percentage of experience gained in the entire game.
 F = Experience gained in this place divided by the number of levels of this place that you have seen.
                   A       B       C       D       E      F
               +-------+-------+-------+-------+-------+----------------------
         Total | 100.0 | 100.0 | 100.0 |   N/A | 100.0 | 4607.1
       Dungeon |  54.3 |  58.2 |   0.0 |   N/A |  30.5 | 2700.2
          Lair |  25.3 |  22.3 |  66.0 |   N/A |  41.8 | 8019.0
   Spider Nest |   7.0 |   6.6 |  12.0 |   N/A |  11.9 | 6833.0
  Orcish Mines |  11.9 |  11.2 |  22.0 |   N/A |  12.9 | 7441.5
       Volcano |   1.6 |   1.7 |   0.0 |   N/A |   3.0 | 3413.0
               +-------+-------+-------+-------+-------+----------------------
